 Dungeon Crawl Stone Soup version 0.17-a0-1378-g281efdd (webtiles) character file.

268937 Gorice the Warrior (level 20, -5/129 HPs)
             Began as a Tengu Wanderer on June 13, 2015.
             Was the Champion of Kikubaaqudgha.
             Killed from afar by a deep elf knight (26 damage)
             ... with a stone arrow
             ... on level 3 of the Vaults on June 14, 2015.
             The game lasted 06:20:20 (53568 turns).

Gorice the Warrior (Tengu Wanderer)                Turns: 53568, Time: 06:20:20

Health: -5/129     AC: 30    Str: 21    XL:     20   Next: 16%
Magic:  40/40      EV: 21    Int: 21    God:    Kikubaaqudgha [******]
Gold:   786        SH:  0    Dex: 17    Spells: 5 memorised, 30 levels left

rFire  + . .     SeeInvis .     a - +4 glaive (protect)
rCold  + . .     Clarity  .     D - +3 chain mail of the Slorg {rElec rN+ Int+4}
rNeg   + + .     SustAt   .     (no shield)
rPois  +         Gourm    .     m - +2 hat
rElec  +         Spirit   .     T - +1 cloak of the Dwarven Hall {rPois rN+ MR+ Str+2}
rCorr  .         Warding  .     s - +0 pair of gloves
rMut   .         Stasis   .     (boots unavailable)
MR     ++...                    N - amulet "Cyjinusm" {Regen+ Dex+3 Slay+5}
Stlth  ..........               v - ring of protection from fire
                                A - ring "Yfaedydgh" {rC+ AC+3 Str+2}

@: lethally poisoned (-5 -> -5), about to teleport, flying quickly and
evasively, quick, very resistant to hostile enchantments, extremely unstealthy
A: beak, talons 3, able to fly 2
a: Stop Flying, Receive Corpses, Torment, Renounce Religion
}: 2/15 runes: decaying, serpentine


You were on level 3 of the Vaults.
You worshipped Kikubaaqudgha.
Kikubaaqudgha was exalted by your worship.
You were not hungry.

You visited 7 branches of the dungeon, and saw 39 of its levels.
You visited 1 bazaar.
You also visited: Ossuary and Ice Cave.

You collected 3448 gold pieces.
You spent 2662 gold pieces at shops.

Inventory:

Hand weapons
 a - a +4 glaive of protection (weapon)
   (You took it off an orc knight on level 2 of the Vaults)
 b - a +0 blowgun
Missiles
 t - 20 curare-tipped needles
 Q - 10 javelins (quivered)
 Y - 4 throwing nets
Armour
 m - a +2 hat (worn)
 s - a +0 pair of gloves (worn)
 D - the +3 chain mail of the Slorg (worn) {rElec rN+ Int+4}
   (You found it on level 4 of the Dungeon)

   It affects your intelligence (+4).
   It insulates you from electricity.
   It protects you from negative energy.
 T - the +1 cloak of the Dwarven Hall (worn) {rPois rN+ MR+ Str+2}
   (You found it on level 7 of the Lair of Beasts)

   It affects your strength (+2).
   It protects you from poison.
   It protects you from negative energy.
   It affects your resistance to hostile enchantments.
Jewellery
 l - an uncursed ring of protection from cold
 r - an uncursed amulet of resist corrosion
 u - the ring of Shadows {Umbra +Inv rN+ SInv}
   (You bought it in a shop on level 13 of the Dungeon)

   [ring of invisibility]

   It protects you from negative energy.
   It lets you see invisible.
   It lets you turn invisible.
 v - a ring of protection from fire (right hand)
 y - an uncursed ring of sustain attributes
 A - the ring "Yfaedydgh" (left hand) {rC+ AC+3 Str+2}
   (You bought it in a shop on level 8 of the Dungeon)

   [ring of protection]

   It affects your AC (+3).
   It affects your strength (+2).
   It protects you from cold.
 G - an uncursed ring of protection from fire
 H - an uncursed ring of positive energy
 K - an uncursed amulet of stasis
 L - an uncursed amulet of resist mutation
 N - the amulet "Cyjinusm" (around neck) {Regen+ Dex+3 Slay+5}
   (You found it in an ice cave)

   [amulet of regeneration]

   It affects your dexterity (+3).
   It affects your accuracy and damage with ranged weapons and melee attacks
   (+5).
   It increases your rate of regeneration.
 S - an uncursed amulet of clarity
Magical devices
 e - a wand of teleportation (3) {!d}
 o - a wand of cold (8)
 q - a wand of digging (7)
 E - a wand of heal wounds (5) {!d}
 O - a wand of hasting (9) {!d}
Scrolls
 d - 7 scrolls of identify
 p - a scroll of fog
 w - 2 scrolls of teleportation {!r}
 C - 2 scrolls of blinking
 W - 15 scrolls of remove curse
Potions
 h - 4 potions of invisibility {!q}
 k - 4 potions of might {!q}
 x - 3 potions of resistance {!q}
 z - 8 potions of heal wounds {!q}
 B - 3 potions of haste {!q}
 M - 8 potions of curing
 P - 3 potions of cancellation {!q}
 U - 7 potions of agility {!q}
Miscellaneous
 i - a sack of spiders
Comestibles
 c - a chunk of flesh
 j - 23 fruits
 n - 12 meat rations {!e}


   Skills:
 - Level 15.1 Fighting
   Level 1.1 Long Blades
 + Level 15.0 Polearms
 - Level 15.0 Armour
 - Level 15.0 Dodging
 - Level 4.0 Stealth
 - Level 15.0 Spellcasting
 - Level 15.0 Necromancy
 + Level 5.4 Evocations


You had 30 spell levels left.
You knew the following spells:

 Your Spells              Type           Power        Failure   Level  Hunger
a - Animate Dead          Necr           N/A          1%          4    None
b - Agony                 Necr           ######..     1%          5    ###....
c - Dispel Undead         Necr           ######..     1%          5    ###....
R - Regeneration          Chrm/Necr      #####.....   2%          3    None
S - Swiftness             Chrm/Air       ###.....     34%         2    None


Dungeon Overview and Level Annotations

Branches:
Dungeon (15/15)            Temple (1/1) D:5            Lair (8/8) D:8
  Swamp (4/4) Lair:5        Snake (4/4) Lair:6        Slime (0/6) Lair:7
    Orc (4/4) D:12            Elf (0/3) Orc:3        Vaults (3/5) D:14
 Depths (0/5) D:15
  Crypt: Vaults:2-3

Altars:
Ashenzari
Cheibriados
Dithmenos
Elyvilon
Fedhas
Gozag
Kikubaaqudgha
Makhleb
Nemelex Xobeh
Okawaru
Qazlal
Ru
Sif Muna
Trog
Vehumet
Xom
Yredelemnul
Zin
The Shining One
Beogh
Jiyva

Shops:
D:5 =[!:(   D:6 *   D:8 *   D:10 !   D:13 :(=[*   D:14 [   Orc:4 [!*?
Snake:3 (%%:   Vaults:2 (

Portals:
Trove: D:13 (give 12 potions of heal wounds)

Annotations:
D:8 Gastronok
D:15 exclusion: 2 orange crystal statues
Lair:7 1 runed door: slime, 3 azures


Innate Abilities, Weirdness & Mutations

You have a beak for a mouth.
You have claws for feet.
You can fly continuously.


Message History

You slash the deep elf demonologist!
You kill the deep elf demonologist!
Kikubaaqudgha accepts your kill. The deep elf knight barely misses you.
The deep elf annihilator points at you and mumbles some strange words.
The poison arrow hits you!
You are poisoned.
You partially resist.
Damage: 14 (max 40)
You slice the deep elf annihilator!! You claw the deep elf annihilator.
The deep elf annihilator is almost dead.
You feel sick. The deep elf knight misses you.
The deep elf annihilator misses you.
Unknown command.
You closely miss the deep elf annihilator.
The deep elf annihilator is almost dead.
You feel sick.
The deep elf knight mumbles some strange words.
The deep elf knight seems to move somewhat quicker.
The deep elf annihilator hits you with a dagger.
Damage: 3 (max 40)
You hit the deep elf annihilator. You claw the deep elf annihilator.
Your peck misses the deep elf annihilator.
The deep elf annihilator is almost dead.
You feel sick.
The deep elf knight hits you but does no damage.
The deep elf annihilator points at you and mumbles some strange words.
The crystal spear hits you!
* * * LOW HITPOINT WARNING * * *
Damage: 49 (max 49) Unknown command.
Unknown command.
Unknown command.
Evoke which item? (* to show all) (? for menu, Esc to quit)
Zapping:
E - a wand of heal wounds (6) {!d}
Press: ? - help, Shift-Dir - straight line, f - you You feel much better.
This wand has 5 charges left.
The ironbrand convoker casts a spell at the deep elf knight.
The deep elf knight seems to grow stronger.
The deep elf annihilator misses you.
Unknown command.
Unknown command.
Read which item? (? for menu, Esc to quit)
Really read
w - 3 scrolls of teleportation {!r}?
As you read the scroll of teleportation {!r}, it crumbles to dust.
You feel strangely unstable.
You feel sick.
The deep elf knight casts a spell at you.
The stone arrow hits you!
You die...
Kikubaaqudgha rasps: "You have failed me!
Welcome... death!"

#.......#
#..#'#..##
#...#.#...+
#####.##### #...#
##...## #.....#
##.e...## #..@e...#
##..#'#..##
#...#e#...#
#############e#####
........# #.p.#
........# ##.e.##
........# #.....#
p.......###.....##
......e{##.......#


You could see a deep elf annihilator, 3 deep elf knights, an ironbrand convoker
and a deep elf mage.

Vanquished Creatures
  Margery (Vaults:2)
  A thorn hunter (Swamp:4)
  Kirke (Lair:6)
  8 greater nagas
  Maud (Lair:4)
  A deep elf sorcerer (Vaults:3)
  5 vault wardens
  7 ironheart preservers
  A very ugly thing (Swamp:2)
  2 stone giants (Vaults:2)
  Nessos (D:13)
  A deep elf demonologist (Vaults:3)
  5 dire elephants (Lair:8)
  A crystal guardian (Vaults:2)
  A fire dragon (Vaults:2)
  6 vault guards
  A yaktaur captain (Vaults:2)
  2 great orbs of eyes (Vaults:2)
  A catoblepas (Lair:4)
  Harold (D:11)
  18 hydras
  17 naga warriors
  A ghost crab (Swamp:4)
  5 anacondas
  3 ice dragons
  Erica (D:11)
  5 ogre magi
  5 alligators
  6 centaur warriors
  3 death yaks (Lair:8)
  9 orc high priests (Orc:4)
  10 shock serpents
  Urug (D:12)
  13 naga sharpshooters
  3 hell knights (Vaults:2)
  2 deep elf knights (Vaults:2)
  Sonja (D:13)
  A salamander mystic (Snake:4)
  A shadow wraith (Vaults:1)
  3 unseen horrors
  An unseen horror (shapeshifter) (Vaults:2)
  9 swamp dragons
  4 ironbrand convokers
  2 ice statues (IceCv)
  6 deep trolls (Vaults:2)
  An obsidian statue (Snake:3)
  7 hill giants
  9 naga ritualists
  Pikel (D:7)
  2 giant orange brains
  7 orc knights
  3 wolf spiders
  2 shambling mangroves
  A deep elf conjurer (Vaults:2)
  3 necromancers
  An orb spider (shapeshifter) (D:15)
  2 orc sorcerers
  A manticore (shapeshifter) (D:15)
  4 griffons
  2 hornets (Swamp:1)
  An oklob plant (Lair:5)
  18 salamanders
  2 manticores
  8 elephants
  4 cyclopes
  16 ugly things
  3 mana vipers
  6 vault sentinels
  Maurice (D:8)
  A hornet (shapeshifter) (Vaults:1)
  34 black mambas
  3 guardian serpents
  Psyche (D:10)
  2 gargoyles
  26 naga magi
  24 spiny frogs
  3 fire drakes
  9 komodo dragons
  11 yaktaurs
  A kobold demonologist (D:15)
  A polar bear (shapeshifter) (D:15)
  A jumping spider (shapeshifter) (Vaults:1)
  9 trolls
  2 boulder beetles
  19 blink frogs
  10 two-headed ogres
  5 giant leeches
  7 bog bodies
  44 slime creatures
  A raiju (shapeshifter) (D:15)
  2 shadows
  2 wraiths (Vaults:1)
  3 spriggans
  A trapdoor spider (shapeshifter) (Vaults:1)
  4 redbacks (Vaults:3)
  50 yaks
  Eustachio (D:11)
  5 deep elf magi
  2 hogs (Lair:6)
  A wyvern (Lair:7)
  A steam dragon (D:12)
  5 mottled dragons
  6 basilisks
  6 deep elf fighters
  2 hungry ghosts
  8 wargs
  49 nagas
  9 hippogriffs
  A water moccasin (shapeshifter) (D:15)
  9 wolves
  Edmund (D:6)
  7 vampire mosquitoes
  A soldier ant (D:11)
  24 swamp worms
  13 porcupines
  An ice beast (shapeshifter) (D:15)
  24 orc warriors
  4 swamp drakes
  A swamp drake (shapeshifter) (D:14)
  23 water moccasins
  A black bear (D:7)
  3 eyes of draining
  5 centaurs
  25 ice beasts
  19 ogres
  A necrophage (D:12)
  6 sky beasts
  7 wasps
  A big kobold (D:13)
  17 crocodiles
  Blork the orc (D:11)
  A wyvern zombie (D:7)
  A water moccasin zombie (D:7)
  7 scorpions
  14 giant frogs
  A wyvern skeleton (D:9)
  11 killer bees
  An electric eel (D:7)
  2 quasits (D:8)
  46 orc priests
  3 centaur zombies
  7 crimson imps
  A giant frog skeleton (D:7)
  8 hounds
  36 orc wizards
  Crazy Yiuf (D:3)
  8 iguanas
  A jelly (D:8)
  2 centaur skeletons
  4 yak simulacra (Lair:3)
  2 polar bear simulacra (Lair:3)
  2 wolf simulacra (Lair:3)
  11 worker ants
  7 sheep
  4 mummies
  A worker ant zombie (D:10)
  43 river rats
  17 adders
  5 gnolls
  7 shadow imps
  4 oozes
  3 adder skeletons
  3 worms
  6 giant geckos
  202 orcs
  19 bats
  2 bat skeletons
  5 giant cockroaches
  3 gnoll skeletons (Ossuary)
  3 gnoll zombies (Ossuary)
  27 goblins
  20 hobgoblins
  3 jackals (D:3)
  30 kobolds
  9 quokkas
  3 ball pythons (Snake:2)
  3 giant gecko skeletons
  7 giant newts
  5 goblin skeletons (Ossuary)
  3 goblin zombies (Ossuary)
  2 hobgoblin skeletons (Ossuary)
  4 hobgoblin zombies (Ossuary)
  2 kobold skeletons (Ossuary)
  A kobold zombie (Ossuary)
  4 orc skeletons (Ossuary)
  4 orc zombies (Ossuary)
  2 quokka skeletons
  13 rats
  7 rat skeletons (Ossuary)
  4 rat zombies (Ossuary)
  3 river rat simulacra (Lair:3)
  A butterfly (Lair:5)
  2 fungi
  6 plants (Lair:8)
1518 creatures vanquished.

Vanquished Creatures (collateral kills)
  Saint Roka (Vaults:2)
  2 greater nagas
  An ironheart preserver (Vaults:2)
  A stone giant (Vaults:2)
  A vault guard (Vaults:1)
  6 hydras (Swamp:4)
  4 naga warriors
  A naga sharpshooter (Snake:4)
  3 salamander mystics
  4 swamp dragons (Swamp:4)
  2 naga ritualists (Snake:4)
  A deep troll (Vaults:2)
  A hornet (Swamp:1)
  An ugly thing (Vaults:2)
  2 mana vipers
  5 salamanders
  A guardian serpent (Snake:1)
  6 black mambas
  7 naga magi
  A centaur skeleton (D:15)
  A kobold demonologist (D:15)
  A troll (Orc:2)
  5 slime creatures
  A bog body (Swamp:4)
  A two-headed ogre (Vaults:1)
  7 vampire mosquitoes
  2 swamp worms
  3 orc warriors
  9 nagas
  A swamp drake (Swamp:4)
  An ogre (Orc:4)
  7 orc priests
  An orc wizard (Vaults:2)
  A shadow imp (D:14)
  17 orcs
  2 kobolds (D:15)
111 creatures vanquished.

Vanquished Creatures (others)
  A necromancer (Vaults:2)
  A black mamba (Snake:1)
  A naga mage (Snake:4)
  A blink frog (Lair:7)
  5 humans (Lair:7)
  Menkaure (Ossuary)
  2 slaves (D:8)
  A giant frog (Lair:7)
  A crimson imp (D:8)
  A worker ant (D:8)
  3 orcs (D:8)
  A ball python (D:8)
  A quokka (D:8)
  A bat (D:5)
  A gnoll skeleton (Ossuary)
  A goblin skeleton (Ossuary)
  2 goblin zombies (Ossuary)
  A hobgoblin zombie (Ossuary)
  A kobold zombie (Ossuary)
  2 orc zombies (Ossuary)
  8 fungi (Lair:8)
  4 plants
41 creatures vanquished.

Grand Total: 1670 creatures vanquished

Notes
Turn   | Place    | Note
--------------------------------------------------------------
     0 | D:1      | Gorice the Tengu Wanderer began the quest for the Orb.
     0 | D:1      | Gorice set off with: a +2 dagger, a potion of haste {!q}, 2 potions of lignification {!q}, a +0 robe, a bread ration {!e}
     0 | D:1      | Reached XP level 1. HP: 12/12 MP: 2/2
    53 | D:1      | HP: 3/13 [kobold/short sword (2)]
    94 | D:1      | Reached XP level 2. HP: 5/18 MP: 3/3
   365 | D:1      | Reached skill level 3 in Fighting
   519 | D:1      | HP: 5/19 [giant cockroach (2)]
   520 | D:1      | Reached XP level 3. HP: 6/23 MP: 4/4
   531 | D:1      | HP: 3/23 [kobold (4)]
   536 | D:1      | HP: 1/23 [kobold (1)]
  1765 | D:2      | Reached XP level 4. HP: 20/29 MP: 5/5
  1843 | D:2      | Reached skill level 4 in Fighting
  2082 | D:3      | Found a shadowy altar of Dithmenos.
  2144 | D:3      | Found a snail-covered altar of Cheibriados.
  2159 | D:3      | Found a shattered altar of Ashenzari.
  2164 | D:3      | Saw a vision of the Swamp and the Snake Pit.
  2164 | D:3      | Noticed a naga sharpshooter
  2164 | D:3      | Noticed a naga
  2164 | D:3      | Noticed a naga mage
  2164 | D:3      | Noticed a black mamba
  2164 | D:3      | Noticed a shock serpent
  2164 | D:3      | Noticed a black mamba
  2165 | D:3      | Noticed a naga sharpshooter
  2165 | D:3      | Noticed a naga mage
  2175 | D:3      | Found a faded altar to an unknown god.
  2295 | D:3      | Reached skill level 3 in Polearms
  2534 | D:3      | Gained mutation: You can fly. [Tengu growth]
  2534 | D:3      | Reached XP level 5. HP: 28/33 MP: 6/6
  2561 | D:3      | Found a shattered altar of Ashenzari.
  2561 | D:3      | Found a stormy altar of Qazlal.
  2837 | D:3      | Became a worshipper of Kikubaaqudgha
  2837 | D:3      | Acquired Kikubaaqudgha's first power
  2837 | D:3      | Received a gift from Kikubaaqudgha
  2838 | D:3      | Identified Kikubaaqudgha's Guide on Dark Arts (Kikubaaqudgha gifted it to you on level 3 of the Dungeon)
  2839 | D:3      | --heh, unknown got altar gave me Kiku
  2839 | D:3      | --and there's me with a +2 spear of pain
  2980 | D:4      | Got an ichor-stained chain mail
  2987 | D:3      | Identified the +3 chain mail of the Slorg {rElec rN+ Int+4} (You found it on level 4 of the Dungeon)
  3060 | D:4      | Noticed an ogre
  3129 | D:4      | Reached skill level 4 in Polearms
  3274 | D:4      | Reached skill level 1 in Necromancy
  3285 | D:4      | HP: 9/33 [poisoned by a scorpion]
  3287 | D:4      | Reached skill level 1 in Armour
  3287 | D:4      | Reached XP level 6. HP: 34/38 MP: 7/7
  3696 | D:4      | Killed an ogre
  3696 | D:4      | Reached skill level 5 in Polearms
  3696 | D:4      | Reached skill level 2 in Armour
  3696 | D:4      | Reached skill level 2 in Necromancy
  3877 | D:4      | Reached XP level 7. HP: 24/43 MP: 8/8
  4297 | D:5      | Entered Level 5 of the Dungeon
  4297 | D:5      | Found Pocsix's Armour Emporium.
  4548 | D:5      | Found Noevax's Jewellery Boutique.
  4832 | D:5      | Reached skill level 6 in Polearms
  4832 | D:5      | Reached skill level 3 in Necromancy
  4845 | D:5      | Reached skill level 3 in Armour
  4900 | D:5      | Found a bloodstained altar of Trog.
  4915 | D:5      | Reached XP level 8. HP: 45/48 MP: 0/9
  4938 | D:5      | Found Jurierops's Book Shoppe.
  5014 | D:5      | Found Oceocyte's Antique Weapon Boutique.
  5127 | D:5      | Reached skill level 7 in Polearms
  5212 | D:5      | Found a blossoming altar of Fedhas.
  5255 | D:5      | Found Irris's Distillery.
  5267 | D:5      | Bought a potion of curing for 36 gold pieces
  5267 | D:5      | Bought a potion of ambrosia for 96 gold pieces
  5267 | D:5      | Bought a potion of degeneration for 12 gold pieces
  5332 | D:5      | Reached skill level 4 in Necromancy
  5384 | D:5      | Found a staircase to the Ecumenical Temple.
  5396 | Temple   | Entered the Ecumenical Temple
  5738 | D:3      | Noticed Crazy Yiuf
  5764 | D:3      | Killed Crazy Yiuf
  5764 | D:3      | Acquired Kikubaaqudgha's second power
  5764 | D:3      | Reached skill level 4 in Armour
  5882 | D:6      | Noticed Edmund
  5908 | D:6      | Killed Edmund
  6028 | D:6      | Found Ytaets's Assorted Antiques.
  6186 | D:6      | Reached skill level 8 in Polearms
  6719 | D:6      | Reached skill level 5 in Armour
  6719 | D:6      | Reached skill level 5 in Necromancy
  6849 | D:6      | Reached skill level 12 in Polearms
  6849 | D:6      | Reached skill level 8 in Necromancy
  6849 | D:6      | Reached XP level 9. HP: 52/52 MP: 10/10
  7352 | D:7      | Reached skill level 9 in Necromancy
  7352 | D:7      | Reached XP level 10. HP: 52/57 MP: 11/11
  7358 | D:7      | Reached skill level 13 in Polearms
  7364 | D:7      | Received a gift from Kikubaaqudgha
  7365 | D:7      | Identified Kikubaaqudgha's Papyrus of Necromancy (Kikubaaqudgha gifted it to you on level 7 of the Dungeon)
  7573 | D:7      | Found a sparkling altar of Nemelex Xobeh.
  8335 | D:7      | Reached skill level 6 in Armour
  8524 | D:8      | Noticed Pikel
  8527 | D:8      | Noticed Maurice
  8538 | D:7      | Killed Pikel
  8563 | D:8      | Killed Maurice
  8609 | D:8      | HP: 16/57 [orc priest/divine providence (9)]
  8866 | D:8      | Found a sand-covered staircase.
  8886 | Ossuary  | Entered an ossuary
  9126 | Ossuary  | Killed Menkaure
  9372 | D:8      | Found Piedohes's Assorted Antiques.
  9824 | D:8      | Noticed Gastronok
  9915 | D:8      | Acquired Kikubaaqudgha's third power
 10067 | D:8      | Reached skill level 10 in Necromancy
 10084 | D:8      | Got an ancient quarterstaff
 10091 | D:8      | Identified the cursed +3 quarterstaff of Perversion {elec, rElec rN++ MR+ Str-2} (You took it off a gnoll on level 8 of the Dungeon)
 10095 | D:8      | Found a staircase to the Lair.
 10222 | D:8      | Found a sparkling altar of Nemelex Xobeh.
 10316 | D:8      | Reached skill level 7 in Armour
 10316 | D:8      | Reached XP level 11. HP: 61/61 MP: 12/12
 10470 | Lair:1   | Entered Level 1 of the Lair of Beasts
 12287 | Lair:2   | Reached skill level 14 in Polearms
 12287 | Lair:2   | Reached skill level 8 in Armour
 12985 | Lair:2   | Got a dazzling rapier
 13052 | Lair:2   | Reached skill level 11 in Necromancy
 13170 | Lair:2   | Noticed an eight-headed hydra
 13180 | Lair:2   | Killed an eight-headed hydra
 13733 | Lair:2   | Reached skill level 5 in Fighting
 13861 | Lair:3   | Acquired Kikubaaqudgha's fourth power
 13989 | Lair:3   | Noticed a necromancer
 14014 | Lair:3   | Killed a necromancer
 14014 | Lair:3   | Reached skill level 9 in Armour
 14014 | Lair:3   | Reached XP level 12. HP: 49/69 MP: 13/13
 14034 | Lair:3   | Reached skill level 6 in Fighting
 15066 | Lair:3   | Got a polished ring mail
 15082 | Lair:3   | Identified the +3 ring mail "Ostriypso" {rElec} (You found it on level 3 of the Lair of Beasts)
 15371 | Lair:2   | Reached skill level 7 in Fighting
 15583 | Lair:4   | Found a staircase to the Swamp.
 15786 | Lair:4   | Reached skill level 12 in Necromancy
 15801 | Lair:4   | Reached skill level 8 in Fighting
 15827 | Lair:4   | Reached skill level 10 in Armour
 16278 | Lair:4   | Noticed a catoblepas
 16281 | Lair:4   | Noticed Maud
 16322 | Lair:4   | HP: 20/75 [blink frog (3)]
 16322 | Lair:4   | HP: 3/75 [catoblepas (17)]
 16350 | Lair:4   | Killed a catoblepas
 16350 | Lair:4   | Reached skill level 9 in Fighting
 17243 | D:8      | Bought a scroll labeled ATHAOMPEOM for 32 gold pieces
 17243 | D:8      | Bought a translucent silver ring for 160 gold pieces
 17244 | D:8      | Identified the ring "Yfaedydgh" {rC+ AC+3 Str+2} (You bought it in a shop on level 8 of the Dungeon)
 17374 | Lair:5   | Reached XP level 13. HP: 80/80 MP: 14/14
 17545 | Lair:5   | Found a staircase to the Swamp.
 17638 | Lair:5   | HP: 22/80 [spiny frog (7)]
 17643 | Lair:5   | HP: 19/80 [crocodile (1)]
 17648 | Lair:5   | HP: 18/80 [poisoned by a spiny frog]
 17653 | Lair:5   | HP: 17/80 [poisoned by a spiny frog]
 17660 | Lair:5   | HP: 16/80 [poisoned by a spiny frog]
 17668 | Lair:5   | HP: 16/80 [poisoned by a spiny frog]
 18540 | Lair:5   | Reached skill level 10 in Fighting
 18706 | Lair:5   | HP: 23/82 [acid (11)]
 18733 | Lair:5   | HP: 22/82 [black mamba (3)]
 18744 | Lair:5   | HP: 24/82 [poisoned by a black mamba]
 18750 | Lair:5   | HP: 22/82 [poisoned by a black mamba]
 18757 | Lair:5   | HP: 20/82 [poisoned by a black mamba]
 18764 | Lair:5   | HP: 20/82 [poisoned by a black mamba]
 18772 | Lair:5   | HP: 20/82 [poisoned by a black mamba]
 20052 | D:10     | Entered Level 10 of the Dungeon
 20125 | D:10     | Noticed Psyche
 20133 | D:10     | Killed Psyche
 20133 | D:10     | Reached skill level 11 in Armour
 20168 | D:10     | Found Qamip's Distillery.
 20175 | D:10     | Bought a potion of poison for 13 gold pieces
 20175 | D:10     | Bought a potion of heal wounds for 65 gold pieces
 20175 | D:10     | Bought a potion of heal wounds for 65 gold pieces
 20303 | D:10     | You fall through a shaft!
 20323 | D:11     | Noticed Erica
 20425 | D:10     | Reached skill level 13 in Necromancy
 20836 | Lair:4   | Killed Maud
 21033 | Lair:6   | Reached skill level 11 in Fighting
 21395 | Lair:6   | Found a staircase to the Snake Pit.
 22080 | Lair:7   | Got a twisted cloak
 22095 | Lair:6   | Identified the +1 cloak of the Dwarven Hall {rPois rN+ MR+ Str+2} (You found it on level 7 of the Lair of Beasts)
 22125 | Lair:7   | Noticed Kirke
 22172 | Lair:6   | Gained mutation: You can fly continuously. [Tengu growth]
 22172 | Lair:6   | Reached XP level 14. HP: 79/91 MP: 15/15
 22374 | Lair:6   | Killed Kirke
 22441 | Lair:7   | You are sucked into a shaft!
 22441 | Lair:8   | Entered Level 8 of the Lair of Beasts
 22448 | Lair:8   | Reached skill level 12 in Fighting
 22754 | Lair:8   | Found a frozen archway.
 22831 | IceCv    | Entered an ice cave
 23036 | IceCv    | HP: 27/92 [ice beast[an ice statue] (2)]
 23642 | IceCv    | Reached skill level 12 in Armour
 23707 | IceCv    | Got a shimmering steel amulet
 23777 | IceCv    | Identified the amulet "Cyjinusm" {Regen+ Dex+3 Slay+5} (You found it in an ice cave)
 23941 | Lair:1   | Identified the +6 rapier of Disharmony {speed, rPois rF++ rN+} (You found it on level 2 of the Lair of Beasts)
 24433 | Lair:7   | Found a runed door.
 24433 | Lair:7   | Found a viscous altar of Jiyva.
 24433 | Lair:7   | Found a staircase to the Slime Pits.
 24433 | Lair:7   | Noticed an azure jelly
 24433 | Lair:7   | Noticed an azure jelly
 24433 | Lair:7   | Noticed an azure jelly
 24616 | Lair:8   | Reached skill level 14 in Necromancy
 25216 | Lair:8   | HP: 26/92 [dire elephant (23)]
 25254 | Lair:8   | Reached skill level 13 in Fighting
 25877 | Lair:1   | Learned a level 4 spell: Animate Dead
 26000 | D:5      | Bought a cursed amulet of inaccuracy for 28 gold pieces
 26702 | D:11     | Noticed Blork the orc
 26721 | D:11     | Reached XP level 15. HP: 95/99 MP: 16/16
 26723 | D:11     | Killed Blork the orc
 26738 | D:11     | Noticed Harold
 26839 | D:11     | Killed Harold
 26845 | D:11     | --Consider yourself "retired" Harold!
 26901 | D:11     | Killed Erica
 26916 | D:11     | Noticed Eustachio
 26950 | D:11     | Killed Eustachio
 27665 | D:12     | Reached skill level 14 in Fighting
 27681 | D:12     | Found a staircase to the Orcish Mines.
 27704 | D:12     | Reached skill level 13 in Armour
 27852 | D:12     | Found a bloodstained altar of Trog.
 27964 | D:12     | Noticed Urug
 27977 | D:12     | Killed Urug
 28079 | D:12     | Found a deep blue altar of Sif Muna.
 28186 | Orc:1    | Entered Level 1 of the Orcish Mines
 29087 | Orc:3    | Found a staircase to the Elven Halls.
 29236 | Orc:3    | Identified Iskenderun's Volume of Conjuration
 29594 | Orc:3    | Found a roughly hewn altar of Beogh.
 30277 | Orc:4    | Entered Level 4 of the Orcish Mines
 30525 | Orc:4    | HP: 17/100 [orc priest/divine providence (15)]
 30667 | Orc:4    | Reached skill level 15 in Necromancy
 30720 | Orc:4    | Found a roughly hewn altar of Beogh.
 31297 | Orc:4    | Found Vuna's Antique Armour Shop.
 31297 | Orc:4    | Found Oskiem's Distillery.
 31328 | Orc:4    | Bought a potion of heal wounds for 50 gold pieces
 31328 | Orc:4    | Bought a potion of heal wounds for 50 gold pieces
 31353 | Orc:4    | Found a roughly hewn altar of Beogh.
 31429 | Orc:4    | Found Foptikiu's Assorted Antiques.
 31429 | Orc:4    | Found Neico's Magic Scroll Shoppe.
 31446 | Orc:4    | Bought a scroll of brand weapon for 240 gold pieces
 31631 | Orc:4    | Bought a heavily runed plate armour for 784 gold pieces
 31641 | Orc:4    | Identified the +5 plate armour of Leybbac {Str+3} (You bought it in a shop on level 4 of the Orcish Mines)
 32102 | D:13     | Found Duleew's General Store.
 32185 | D:13     | Noticed Nessos
 32215 | D:13     | Killed Nessos
 32301 | D:13     | Noticed Sonja
 32331 | D:13     | Found Coc Fuid's Jewellery Emporium.
 32332 | D:13     | Found Xuhi's Antique Weapon Shop.
 32381 | D:12     | Reached skill level 15 in Fighting
 32414 | D:13     | Killed Sonja
 32513 | D:13     | Found Cimetasm's Book Shoppe.
 32631 | D:13     | Found a portal to a secret trove of treasure.
 32698 | D:13     | Found Lit Quleucu's Armour Shoppe.
 32860 | D:13     | Reached skill level 1 in Spellcasting
 32939 | D:14     | Found Moffait's Antique Armour Shop.
 33337 | D:14     | Reached skill level 2 in Spellcasting
 33608 | D:14     | Reached skill level 14 in Armour
 33645 | D:14     | Found a gate to the Vaults.
 34240 | D:15     | Entered Level 15 of the Dungeon
 34315 | D:15     | Reached skill level 3 in Spellcasting
 34453 | D:15     | Reached XP level 16. HP: 108/108 MP: 21/21
 34704 | D:14     | Reached skill level 4 in Spellcasting
 35091 | D:15     | Found a staircase to the Depths.
 35127 | D:15     | Found a stormy altar of Qazlal.
 35206 | D:15     | Reached skill level 5 in Spellcasting
 35309 | D:15     | Upgraded the game from 0.17-a0-1373-g64d4c99 to 0.17-a0-1378-g281efdd
 35721 | D:13     | Bought the ring of Shadows {Umbra +Inv rN+ SInv} for 635 gold pieces
 35983 | Swamp:1  | Entered Level 1 of the Swamp
 36192 | Swamp:1  | Reached skill level 15 in Armour
 36248 | Swamp:1  | Reached skill level 1 in Dodging
 36543 | Swamp:1  | Reached skill level 2 in Dodging
 36605 | Swamp:1  | Reached skill level 6 in Spellcasting
 36636 | Swamp:1  | HP: 28/108 [hornet[a shambling mangrove] (10)]
 36641 | Swamp:1  | HP: 22/108 [poisoned by a hornet]
 37133 | Swamp:2  | Reached skill level 3 in Dodging
 37238 | Swamp:2  | Got a colourful robe
 37266 | Swamp:2  | Identified the +1 robe of Galaol {MR+ Dex+2} (You found it on level 2 of the Swamp)
 37419 | Swamp:2  | Reached skill level 4 in Dodging
 37828 | Swamp:3  | Reached skill level 7 in Spellcasting
 38131 | Swamp:3  | Reached skill level 5 in Dodging
 38660 | Lair:1   | Learned a level 3 spell: Regeneration
 38697 | Lair:1   | Learned a level 5 spell: Agony
 38703 | Lair:1   | Learned a level 5 spell: Dispel Undead
 39036 | Snake:1  | Entered Level 1 of the Snake Pit
 39089 | Snake:1  | Reached skill level 6 in Dodging
 39115 | Snake:1  | Reached skill level 8 in Spellcasting
 39125 | Snake:1  | HP: 30/108 [naga sharpshooter/bolt (13)]
 39127 | Snake:1  | HP: 14/108 [naga sharpshooter/bolt (4)]
 39128 | Snake:1  | HP: 6/108 [naga sharpshooter/bolt (8)]
 39133 | Lair:6   | HP: 5/108 [poisoned by a naga ritualist (toxic radiance)]
 39138 | Lair:6   | HP: 4/108 [poisoned by a naga ritualist (toxic radiance)]
 39144 | Lair:6   | HP: 5/108 [poisoned by a naga ritualist (toxic radiance)]
 39150 | Lair:6   | HP: 7/108 [poisoned by a naga ritualist (toxic radiance)]
 39158 | Lair:6   | HP: 11/108 [poisoned by a naga ritualist (toxic radiance)]
 39443 | Snake:1  | Reached XP level 17. HP: 82/113 MP: 30/30
 39513 | Snake:1  | Reached skill level 7 in Dodging
 39892 | Snake:1  | Reached skill level 9 in Spellcasting
 40372 | Swamp:3  | Reached skill level 8 in Dodging
 40385 | Swamp:4  | Entered Level 4 of the Swamp
 41056 | Swamp:4  | Reached skill level 9 in Dodging
 41093 | Swamp:4  | HP: 30/113 [five-headed hydra (4)]
 41260 | Swamp:4  | Reached skill level 10 in Spellcasting
 41769 | Swamp:4  | Got a decaying rune of Zot
 42171 | Vaults:1 | Entered Level 1 of the Vaults
 42485 | Vaults:1 | Reached skill level 10 in Dodging
 42617 | Vaults:1 | HP: 18/113 [vault warden/battleaxe (45)]
 42626 | Vaults:1 | HP: 16/113 [something (4)]
 42637 | Vaults:1 | HP: 21/113 [something (2)]
 42642 | Vaults:1 | HP: 20/113 [yaktaur/bolt (3)]
 42664 | Vaults:1 | HP: 28/113 [ironheart preserver/great mace (20)]
 42672 | Vaults:1 | HP: 30/113 [ironheart preserver/great mace (4)]
 42704 | Vaults:1 | HP: 33/113 [yaktaur/bolt (4)]
 42705 | Vaults:1 | HP: 9/113 [yaktaur/bolt (25)]
 42719 | Vaults:1 | Reached skill level 11 in Spellcasting
 42892 | Vaults:1 | HP: 31/113 [centaur warrior/arrow of dispersal (9)]
 42898 | Vaults:1 | HP: 14/113 [ogre/giant club[an ironheart preserver] (17)]
 42900 | Vaults:1 | HP: 2/113 [ice dragon/blast of cold (13)]
 42905 | Vaults:1 | HP: 12/113 [ironheart preserver/great mace of draining (2)]
 42915 | D:14     | HP: 10/113 [ironheart preserver/great mace of draining (9)]
 42916 | D:14     | HP: 2/113 [ironheart preserver/great mace of draining (6)]
 43139 | Vaults:1 | Reached skill level 11 in Dodging
 43139 | Vaults:1 | Reached XP level 18. HP: 117/119 MP: 34/34
 44076 | Vaults:2 | Noticed Saint Roka
 44103 | Vaults:2 | Killed Saint Roka
 44379 | Vaults:2 | Reached skill level 12 in Dodging
 44379 | Vaults:2 | Reached skill level 12 in Spellcasting
 45313 | Vaults:2 | Noticed Margery
 45347 | Vaults:2 | Reached skill level 13 in Dodging
 45402 | Vaults:2 | Killed Margery
 45627 | Vaults:2 | HP: 34/119 [poisoned by a vault warden]
 45632 | Vaults:2 | HP: 22/119 [poisoned by a vault warden]
 45637 | Vaults:2 | HP: 15/119 [poisoned by a vault warden]
 45642 | Vaults:2 | HP: 11/119 [poisoned by a vault warden]
 45647 | Vaults:2 | HP: 8/119 [poisoned by a vault warden]
 45652 | Vaults:2 | HP: 6/119 [poisoned by a vault warden]
 45657 | Vaults:2 | HP: 7/119 [poisoned by a vault warden]
 45664 | Vaults:2 | HP: 8/119 [poisoned by a vault warden]
 45671 | Vaults:2 | HP: 11/119 [poisoned by a vault warden]
 45679 | Vaults:2 | HP: 15/119 [poisoned by a vault warden]
 45853 | Vaults:2 | Found Robuasty's Antique Weapon Boutique.
 45983 | Vaults:2 | Reached skill level 13 in Spellcasting
 46988 | Snake:2  | Learned a level 2 spell: Swiftness
 47112 | Snake:2  | Reached XP level 19. HP: 93/124 MP: 37/37
 48105 | Snake:3  | Reached skill level 14 in Dodging
 48117 | Snake:3  | Found Urep's Book Shoppe.
 48238 | Snake:3  | Found Zuamulamm's Food Shop.
 48420 | Snake:3  | Found a gateway to a bazaar.
 48427 | Bazaar   | Entered a bazaar
 48444 | Bazaar   | Found Byeshrodo's Distillery.
 48455 | Bazaar   | Found Zekuror's Gadget Emporium.
 48475 | Bazaar   | Found Tufasim's Gadget Emporium.
 48495 | Bazaar   | Found Qus Nys's Distillery.
 48501 | Bazaar   | Bought a potion of heal wounds for 60 gold pieces
 48501 | Bazaar   | Bought a potion of curing for 36 gold pieces
 48501 | Bazaar   | Bought a potion of curing for 36 gold pieces
 48501 | Bazaar   | Bought a potion of curing for 36 gold pieces
 48501 | Bazaar   | Bought a potion of resistance for 120 gold pieces
 48529 | Bazaar   | Bought a potion of curing for 36 gold pieces
 48529 | Bazaar   | Bought a potion of curing for 36 gold pieces
 48529 | Bazaar   | Bought a potion of curing for 36 gold pieces
 48853 | Snake:3  | Found Hairchasu's Antique Weapon Shoppe.
 49228 | Snake:3  | Reached skill level 14 in Spellcasting
 49252 | Snake:3  | Found Xeymm's Food Emporium.
 49466 | Snake:3  | HP: 36/124 [naga sharpshooter/bolt (10)]
 49475 | Snake:3  | HP: 30/124 [salamander/halberd (4)]
 49825 | Snake:3  | HP: 37/124 [poisoned by a black mamba]
 49830 | Snake:3  | HP: 29/124 [poisoned by a black mamba]
 49835 | Snake:3  | HP: 22/124 [poisoned by a black mamba]
 49840 | Snake:3  | HP: 20/124 [poisoned by a black mamba]
 49846 | Snake:3  | HP: 19/124 [poisoned by a black mamba]
 49852 | Snake:3  | HP: 19/124 [poisoned by a black mamba]
 49857 | Snake:3  | HP: 20/124 [poisoned by a black mamba]
 49864 | Snake:3  | HP: 23/124 [poisoned by a black mamba]
 49869 | Snake:3  | HP: 24/124 [poisoned by a black mamba]
 50153 | Snake:4  | Entered Level 4 of the Snake Pit
 50665 | Snake:3  | Reached skill level 15 in Dodging
 51282 | Snake:4  | Reached skill level 15 in Spellcasting
 51530 | Snake:4  | Reached skill level 2 in Evocations
 51609 | Snake:4  | Reached skill level 3 in Evocations
 51736 | Snake:4  | HP: 36/124 [salamander/trident (5)]
 51738 | Snake:4  | Reached skill level 4 in Evocations
 51741 | Snake:4  | HP: 21/124 [poisoned by a naga mage (splash of poison)]
 51741 | Snake:4  | HP: 7/124 [naga mage/mace (14)]
 51748 | Snake:4  | HP: 14/124 [naga mage/orb of energy (15)]
 51753 | Snake:4  | HP: 16/124 [poisoned by a naga mage (poison arrow)]
 51758 | Snake:4  | HP: 14/124 [poisoned by a naga mage (poison arrow)]
 51763 | Snake:4  | HP: 15/124 [poisoned by a naga (splash of poison)]
 51770 | Snake:4  | HP: 17/124 [poisoned by a naga (splash of poison)]
 51778 | Snake:3  | HP: 20/124 [poisoned by a naga (splash of poison)]
 51786 | Snake:3  | HP: 24/124 [poisoned by a naga (splash of poison)]
 51956 | Snake:4  | Reached XP level 20. HP: 117/129 MP: 40/40
 52176 | Snake:4  | Got a serpentine rune of Zot
 52272 | Snake:4  | Identified Camoxt's Reference Book on Helpful Snow
 53239 | Vaults:3 | Reached skill level 5 in Evocations
 53480 | Vaults:3 | Reached skill level 15 in Polearms
 53566 | Vaults:3 | HP: 2/129 [deep elf annihilator/crystal spear[an ironheart preserver] (49)]
 53568 | Vaults:3 | Killed from afar by a deep elf knight

Vault maps used:
D:1:      dpeg_arrival_subterranean_lakeside_camping
D:2:      serial_bayou_lagoon_b
D:3:      lemuel_doored_altar, grunt_dithmenos_smoke_and_mirrors,
          gammafunk_temple_overflow_wave, ecumenical_altar_2,
          grunt_ashenzari_visionary, uniq_crazy_yiuf_cottage
D:4:      first_bread
D:5:      trog_eyes_of_draining, lemuel_temple_firewalk, serial_shops,
          nicolae_shop_window_shopping,
          nicolae_shop_temple_entry_statues_fountains, kennysheep_little_box,
          shop, nicolae_shop_crystal, fedhas_altar_3
D:6:      serial_shops, nicolae_shop_statue_plus, uniq_edmund
D:7:      nemelex_xobeh_ov_fountains_minmay, the_bakery,
          kennysheep_generic_room_4
D:8:      erik_lair_orcish_takeover, gup_ossuary_entry_pyramid, serial_shops,
          shop, nemelex_dance_club_becter, uniq_gastronok, uniq_maurice,
          uniq_pikel
D:10:     serial_shops, shop, uniq_psyche
D:11:     sword_in_stone
D:12:     erik_orc_4, basic_altar, lemuel_blue_sif_altar, uniq_urug
D:13:     enter_trove_0, serial_shops, kennysheep_mini, nicolae_shop_stone,
          shop, nicolae_shop_crystal, shop, uniq_sonja, uniq_nessos
D:14:     david_vaults_5, roderic_bali_sauvastika, serial_shops, shop
D:15:     gammafunk_enter_depths_forms, basic_altar, minmay_more_statues
Temple:   chambers_temple_12
Lair:2:   grunt_megastairs_2
Lair:3:   eino_house_with_fridge, bh_autumn_forest_stairs
Lair:4:   minmay_swamp_entry_worms, infiniplex_staircase_pool, uniq_maud
Lair:5:   swamp_mist, lemuel_fruit_fields
Lair:6:   dummy_snake_entry, grunt_megastairs_3
Lair:7:   slime_altar_2, uniq_kirke
Lair:8:   due_jungle_book, portal_ice_cave_entry_ice_beasts,
          lemuel_fruit_fields, infiniplex_staircase_pool_2
Swamp:1:  evilmike_swamp_ruin_house_2, swamp_pool2
Swamp:2:  evilmike_swamp_ruin_house_1, swamp_pool3
Swamp:3:  evilmike_swamp_ruin_rubble_2
Swamp:4:  swamp
Snake:1:  st_stairs_3
Snake:2:  boulder_indie
Snake:3:  serial_shops, statue_bzr, shop, shop, shop, nicolae_shop_waterfront,
          st_stairs_7
Snake:4:  snake_pit
Orc:3:    nicolae_orc_accident_2, nicolae_orc_pool_cavern, guppyfry_library_mini
Orc:4:    st_orc_town, basic_altar, nicolae_orc_damp_corner
Vaults:1: v_misc_10, v_misc_28, nicolae_vaults_little_squares_2,
          grunt_vaults_diagonal, vaults_room_stairs_pillars,
          vaults_standard_mumra_x, v_misc_5, v_misc_27, hangedman_vaults_nails,
          nicolae_vaults_circle_grid_b, vaults_dpeg_hooks, v_misc_15,
          serial_ice_h
Vaults:2: v_alt_pattern_4, nicolae_vaults_disjoint_gnomons,
          hangedman_vaults_maws, grunt_vaults_focal, hangedman_vaults_corner,
          vaults_mumra_hex, serial_shops, shop_statue, uniq_margery,
          uniq_saint_roka
Vaults:3: hangedman_vaults_maws, hangedman_vaults_cutoff, vaults_mumra_hexcomb,
          st_greater_box_1, vaults_standard_mumra_lines,
          minmay_crypt_entry_vampire_xt, grunt_vaults_trifunnel,
          nicolae_vaults_windows_and_doors_thing,
          nicolae_vaults_little_squares_4, ontoclasm_vaults_pinch,
          ontoclasm_vaults_gateway, uniq_norris, uniq_jorgrun, uniq_xtahua
Bazaar:   dpeg_bazaar_wands
Ossuary:  ossuary_due_pyramid
IceCv:    ice_cave_small_dragons

Action                   |  1- 3 |  4- 6 |  7- 9 | 10-12 | 13-15 | 16-18 | 19-21 || total
-------------------------+-------+-------+-------+-------+-------+-------+-------++-------
Melee: Dagger            |    48 |       |       |       |       |       |       ||    48
       Spear             |   106 |   183 |   266 |  1219 |  1934 |  1367 |       ||  5075
       Glaive            |       |       |       |       |       |   264 |   748 ||  1012
 Fire: Blowgun           |       |     9 |    40 |    26 |     7 |       |       ||    82
Throw: Stone             |     1 |    14 |     5 |    13 |       |       |       ||    33
       Tomahawk          |       |       |       |     1 |     2 |       |       ||     3
       Javelin           |       |       |       |       |    18 |    12 |       ||    30
       Throwing net      |       |       |       |       |     1 |       |       ||     1
 Cast: Animate Dead      |       |       |       |       |    50 |    68 |    48 ||   166
       Agony             |       |       |       |       |       |    37 |    55 ||    92
       Dispel Undead     |       |       |       |       |       |     2 |       ||     2
 Abil: Fly               |       |       |       |       |     1 |     3 |       ||     4
       Evoke Invisibilit |       |       |       |       |     1 |       |       ||     1
Evoke: Wand              |       |       |       |    12 |     6 |     5 |     2 ||    25
  Use: Scroll            |     7 |     7 |     3 |    13 |    11 |    12 |     2 ||    55
       Potion            |       |     1 |     2 |     3 |     5 |     4 |     2 ||    17
 Stab: Sleeping          |    13 |     5 |       |       |       |       |       ||    18
       Distracted        |     1 |       |       |       |     1 |     8 |    11 ||    21
       Confused          |       |       |       |     3 |       |       |       ||     3
       Invisible         |       |       |       |       |    13 |       |       ||    13
  Eat: Chunk             |     3 |     5 |    13 |    20 |    68 |    31 |    15 ||   155
       Pizza             |       |       |       |     1 |       |     3 |       ||     4
       Bread ration      |       |       |       |     2 |     1 |     3 |       ||     6
       Beef jerky        |       |       |       |       |       |     2 |       ||     2
       Fruit             |       |       |       |       |       |     1 |       ||     1
       Meat ration       |       |       |       |       |       |     2 |     4 ||     6
       Royal jelly       |       |       |       |       |       |     1 |       ||     1

Table legend:
 A = Turns spent in this place as a percentage of turns spent in the entire game.
 B = Non-inter-level travel turns spent in this place as a percentage of non-inter-level travel turns spent in the entire game.
 C = Inter-level travel turns spent in this place as a percentage of turns spent in this place.
 D = Turns resting spent in this place as a percentage of non-inter-level travel turns spent in this place.
 E = Turns spent auto-exploring this place as a percentage of non-inter-level travel turns spent in this place.
 F = Non-inter-level travel turns spent in this place divided by the number of levels of this place that you've seen.
                   A       B       C       D       E      F
               +-------+-------+-------+-------+-------+----------------------
         Total | 100.0 | 100.0 |   0.8 |   2.2 |   4.1 | 518.4
       Dungeon |  31.3 |  31.2 |   0.9 |   1.9 |   5.1 | 453.2
        Temple |   0.2 |   0.2 |   2.5 |   0.0 |  33.3 |  39.0
          Lair |  23.4 |  23.4 |   1.1 |   1.9 |   3.6 | 636.0
         Swamp |   8.0 |   8.0 |   0.8 |   2.6 |   4.3 | 433.0
     Snake Pit |  14.7 |  14.8 |   0.4 |   3.8 |   3.7 | 805.8
  Orcish Mines |   9.3 |   9.3 |   0.8 |   0.6 |   3.2 | 504.5
        Vaults |   9.6 |   9.7 |   0.3 |   2.8 |   3.2 | 703.3
        Bazaar |   0.3 |   0.3 |   0.0 |   0.0 |   7.0 |  71.0
       Ossuary |   1.4 |   1.4 |   0.0 |   0.0 |   8.7 | 310.0
      Ice Cave |   1.7 |   1.8 |   0.0 |   3.4 |   1.3 | 382.0
               +-------+-------+-------+-------+-------+----------------------

Vault maps used:
D:1:      dpeg_arrival_subterranean_lakeside_camping
D:2:      serial_bayou_lagoon_b
D:3:      lemuel_doored_altar, grunt_dithmenos_smoke_and_mirrors,
          gammafunk_temple_overflow_wave, ecumenical_altar_2,
          grunt_ashenzari_visionary, uniq_crazy_yiuf_cottage
D:4:      first_bread
D:5:      trog_eyes_of_draining, lemuel_temple_firewalk, serial_shops,
          nicolae_shop_window_shopping,
          nicolae_shop_temple_entry_statues_fountains, kennysheep_little_box,
          shop, nicolae_shop_crystal, fedhas_altar_3
D:6:      serial_shops, nicolae_shop_statue_plus, uniq_edmund
D:7:      nemelex_xobeh_ov_fountains_minmay, the_bakery,
          kennysheep_generic_room_4
D:8:      erik_lair_orcish_takeover, gup_ossuary_entry_pyramid, serial_shops,
          shop, nemelex_dance_club_becter, uniq_gastronok, uniq_maurice,
          uniq_pikel
D:10:     serial_shops, shop, uniq_psyche
D:11:     sword_in_stone
D:12:     erik_orc_4, basic_altar, lemuel_blue_sif_altar, uniq_urug
D:13:     enter_trove_0, serial_shops, kennysheep_mini, nicolae_shop_stone,
          shop, nicolae_shop_crystal, shop, uniq_sonja, uniq_nessos
D:14:     david_vaults_5, roderic_bali_sauvastika, serial_shops, shop
D:15:     gammafunk_enter_depths_forms, basic_altar, minmay_more_statues
Temple:   chambers_temple_12
Lair:2:   grunt_megastairs_2
Lair:3:   eino_house_with_fridge, bh_autumn_forest_stairs
Lair:4:   minmay_swamp_entry_worms, infiniplex_staircase_pool, uniq_maud
Lair:5:   swamp_mist, lemuel_fruit_fields
Lair:6:   dummy_snake_entry, grunt_megastairs_3
Lair:7:   slime_altar_2, uniq_kirke
Lair:8:   due_jungle_book, portal_ice_cave_entry_ice_beasts,
          lemuel_fruit_fields, infiniplex_staircase_pool_2
Swamp:1:  evilmike_swamp_ruin_house_2, swamp_pool2
Swamp:2:  evilmike_swamp_ruin_house_1, swamp_pool3
Swamp:3:  evilmike_swamp_ruin_rubble_2
Swamp:4:  swamp
Snake:1:  st_stairs_3
Snake:2:  boulder_indie
Snake:3:  serial_shops, statue_bzr, shop, shop, shop, nicolae_shop_waterfront,
          st_stairs_7
Snake:4:  snake_pit
Orc:3:    nicolae_orc_accident_2, nicolae_orc_pool_cavern, guppyfry_library_mini
Orc:4:    st_orc_town, basic_altar, nicolae_orc_damp_corner
Vaults:1: v_misc_10, v_misc_28, nicolae_vaults_little_squares_2,
          grunt_vaults_diagonal, vaults_room_stairs_pillars,
          vaults_standard_mumra_x, v_misc_5, v_misc_27, hangedman_vaults_nails,
          nicolae_vaults_circle_grid_b, vaults_dpeg_hooks, v_misc_15,
          serial_ice_h
Vaults:2: v_alt_pattern_4, nicolae_vaults_disjoint_gnomons,
          hangedman_vaults_maws, grunt_vaults_focal, hangedman_vaults_corner,
          vaults_mumra_hex, serial_shops, shop_statue, uniq_margery,
          uniq_saint_roka
Vaults:3: hangedman_vaults_maws, hangedman_vaults_cutoff, vaults_mumra_hexcomb,
          st_greater_box_1, vaults_standard_mumra_lines,
          minmay_crypt_entry_vampire_xt, grunt_vaults_trifunnel,
          nicolae_vaults_windows_and_doors_thing,
          nicolae_vaults_little_squares_4, ontoclasm_vaults_pinch,
          ontoclasm_vaults_gateway, uniq_norris, uniq_jorgrun, uniq_xtahua
Bazaar:   dpeg_bazaar_wands
Ossuary:  ossuary_due_pyramid
IceCv:    ice_cave_small_dragons
